 Dungeon Crawl Stone Soup version 0.15.2 (webtiles) character file.

72 magipi the Firebug (level 4, -1/24 HPs)
             Began as a Tengu Fire Elementalist on June 20, 2015.
             Slain by an orc priest
             ... wielding a +0 hand axe
              (4 damage)
             ... on Level 3 of the Dungeon.
             The game lasted 00:12:06 (2560 turns).

magipi the Firebug (Tengu Fire Elementalist)        Turns: 2560, Time: 00:12:06

HP  -1/24        AC  5     Str  8      XL: 4   Next: 25%
MP   3/8         EV 12     Int 16      God:
Gold 123         SH  0     Dex 15      Spells:  2 memorised,  3 levels left

rFire  . . .     SeeInvis .     h - +1 dagger (holy)
rCold  . . .     Clarity  .     a - +0 robe
rNeg   . . .     rCorr    .     (no shield)
rPois  .         rRot     .     (helmet restricted)
rElec  .         Spirit   .     (no cloak)
SustAb .         Warding  .     l - +2 pair of gloves
rMut   .         Stasis   .     (boots unavailable)
Gourm  .                        (no amulet)
MR     .....                    (no ring)
                                (no ring)

@: very slightly contaminated, not resistant to hostile enchantments, unstealthy
A: beak, talons 3
a: no special abilities


You were on level 3 of the Dungeon.
You were not hungry.

You visited 1 branch of the dungeon, and saw 3 of its levels.

You collected 123 gold pieces.

Inventory:

Hand weapons
 h - a +1 dagger of holy wrath (weapon)
Missiles
 e - 3 stones (quivered)
Armour
 a - a +0 robe (worn)
 l - a +2 pair of gloves (worn)
Comestibles
 c - 3 bread rations
 g - a beef jerky
 o - a rotting chunk of orc flesh
 q - 2 meat rations
 r - a slice of pizza
Scrolls
 d - 4 scrolls of remove curse
 f - 2 scrolls of teleportation
 k - a scroll of immolation {unknown}
Potions
 j - a potion of agility
 m - a potion of restore abilities {unknown}
 n - a potion of poison {unknown}
 p - a potion of haste {unknown}
Books
 b - a book of Flames

   Spells                             Type                      Level
   *Flame Tongue                      Conjuration/Fire             1
   Throw Flame                        Conjuration/Fire             2
   *Conjure Flame                     Conjuration/Fire             3
   Inner Flame                        Hexes/Fire                   3
   Sticky Flame                       Conjuration/Fire             4
   Fireball                           Conjuration/Fire             5


   Skills:
 - Level 2.1 Dodging
 - Level 2.0 Stealth
 - Level 2.0 Spellcasting
 + Level 3.5 Conjurations
 + Level 4.6 Fire Magic


You had 3 spell levels left.
You knew the following spells:

 Your Spells              Type           Power        Failure   Level  Hunger
a - Flame Tongue          Conj/Fire      ##...        4%          1    #......
b - Conjure Flame         Conj/Fire      ##......     12%         3    ####...


Dungeon Overview and Level Annotations

Branches:
Dungeon (3/15)

Altars:
Nemelex Xobeh

Annotations:
D:2 Terence


Innate Abilities, Weirdness & Mutations

You have a beak for a mouth.
You have claws for feet.

Vault maps used:
D:1:      dpeg_arrival_houses_and_road
D:2:      minitemple, first_bread, uniq_terence
D:3:      old_standard_altar


Message History

You see here a leather armour.
Things that are here:
a flail; a leather armour; a bat corpse
Things that are here:
a flail; an orc corpse
There is an open door here.
Unknown command.
There is an open door here.
You start waiting.
What do you say? t - Shout!
Orders for allies: a - Attack new target. r - Retreat! s - Stop attacking. w - Wait here. f - Follow me.
Anything else - Stay silent.
You shout for attention!
The orc priest invokes the aid of Beogh against you.
Something smites you!
Ouch! That really hurt!
Unknown command.
You close the door.
Things that are here:
a flail; an orc corpse
Things that are here:
a flail; a leather armour; a bat corpse You see here a leather armour.
You start resting.
You start resting.
The smell of rotting flesh makes you sick. (slot o)
You start resting.
You are feeling hungry.
Eat which item? (? for menu, Esc to quit)
Okay, then.
Eat which item? (? for menu, Esc to quit)
Mmmm...
Yummy peach.
You see here a leather armour.
Things that are here:
a flail; a leather armour; a rotting bat corpse
Things that are here:
a flail; a rotting orc corpse
There is an open door here.
There is a stone staircase leading down here.
Found an escape hatch in the ceiling.
There is an open door here.
A kobold comes into view.
The orc priest shouts!
The orc priest glows brightly for a moment.
The kobold moves out of view.
There is an open door here.
You close the door.
You start resting.
Something unseen opens the door.
You start resting.
HP restored.
Casting: Flame Tongue
Confirm with . or Enter, or press ? or * to list all spells.
Aiming: Flame Tongue
Press: ? - help, Shift-Dir - straight line, f - orc priest
Aim: an orc priest, wielding a hand axe and wearing a leather armour The flame tongue hits the orc priest.
The orc priest is lightly wounded.
You close the door.
Something unseen opens the door.
You start resting.
Casting: Flame Tongue
Confirm with . or Enter, or press ? or * to list all spells.
Aiming: Flame Tongue
Press: ? - help, Shift-Dir - straight line, f/p - orc priest
Aim: an orc priest, wielding a hand axe and wearing a leather armour (lightly wounded)
The flame tongue hits the orc priest.
The orc priest appears unharmed.
The orc priest is lightly wounded.
The orc priest hits you with a hand axe.
Casting: Flame Tongue
Confirm with . or Enter, or press ? or * to list all spells.
Aiming: Flame Tongue
Press: ? - help, Shift-Dir - straight line, f/p - orc priest
Aim: an orc priest, wielding a hand axe and wearing a leather armour (lightly wounded)
The flame tongue hits the orc priest.
The orc priest is heavily wounded.
The orc priest mumbles some strange prayers to Beogh against you.
Something smites you!
Ouch! That really hurt!
* * * LOW HITPOINT WARNING * * *
Casting: Flame Tongue
Confirm with . or Enter, or press ? or * to list all spells.
Aiming: Flame Tongue
Press: ? - help, Shift-Dir - straight line, f/p - orc priest
Aim: an orc priest, wielding a hand axe and wearing a leather armour (heavily wounded)
The flame tongue hits the orc priest.
The orc priest appears unharmed.
The orc priest is heavily wounded.
The orc priest hits you with a hand axe.
* * * LOW HITPOINT WARNING * * *
Casting: Flame Tongue
Confirm with . or Enter, or press ? or * to list all spells.
Aiming: Flame Tongue
Press: ? - help, Shift-Dir - straight line, f/p - orc priest
Aim: an orc priest, wielding a hand axe and wearing a leather armour (heavily wounded)
You miscast Flame Tongue.
You are very lightly contaminated with residual magic.
You feel a strange surge of energy!
The orc priest hits you with a hand axe.
You die...

..##.... ....o# ...#
......# #..#############
#......###..##...........
#....<.#.....#...........
#......#...>.#...........
#......#(....#####....)##
#......#.....# #.....#
#......#@....#####[....##
#......o.....'.))........
#...####.....############
### #)....# #.....#
#.....# #######


You could see an orc priest.

Table legend:
 A = Kills in this place as a percentage of kills in entire the game.
 B = Kills by you in this place as a percentage of kills by you in the entire game.
 C = Kills by friends in this place as a percentage of kills by friends in the entire game.
 D = Other kills in this place as a percentage of other kills in the entire game.
 E = Experience gained in this place as a percentage of experience gained in the entire game.
 F = Experience gained in this place divided by the number of levels of this place that you have seen.
                   A       B       C       D       E      F
               +-------+-------+-------+-------+-------+----------------------
         Total | 100.0 | 100.0 |  -nan |  -nan | 100.0 |  34.3
       Dungeon | 100.0 | 100.0 |  -nan |  -nan | 100.0 |  34.3
               +-------+-------+-------+-------+-------+----------------------

Vanquished Creatures
  A giant mite (D:2)
  2 worms (D:2)
  3 orcs (D:3)
  8 bats
  A giant cockroach (D:2)
  5 hobgoblins
  2 jackals (D:2)
  10 kobolds
  A ball python (D:2)
  2 giant geckos
  A giant newt (D:3)
  9 goblins
  2 rats (D:2)
47 creatures vanquished.

Notes
Turn   | Place    | Note
--------------------------------------------------------------
     0 | D:1      | magipi, the Tengu Fire Elementalist, began the quest for the Orb.
     0 | D:1      | Reached XP level 1. HP: 10/10 MP: 3/3
   125 | D:1      | Reached XP level 2. HP: 15/15 MP: 1/5
   798 | D:2      | Noticed Terence
   892 | D:2      | Reached skill level 4 in Fire Magic
  1162 | D:2      | Reached XP level 3. HP: 19/19 MP: 4/7
  1167 | D:2      | Learned a level 3 spell: Conjure Flame
  1956 | D:2      | Reached XP level 4. HP: 24/24 MP: 2/8
  2064 | D:3      | Found a sparkling altar of Nemelex Xobeh.
  2560 | D:3      | Slain by an orc priest

Action                   |  1- 3 |  4- 6 || total
-------------------------+-------+-------++-------
Melee: Dagger            |     3 |       ||     3
 Cast: Flame Tongue      |    71 |    22 ||    93
  Use: Scroll            |     5 |       ||     5
  Eat: Chunk             |     4 |     2 ||     6
       Fruit             |       |     1 ||     1

Action                   |  1- 3 |  4- 6 || total
-------------------------+-------+-------++-------
Melee: Dagger            |     3 |       ||     3
 Cast: Flame Tongue      |    71 |    22 ||    93
  Use: Scroll            |     5 |       ||     5
  Eat: Chunk             |     4 |     2 ||     6
       Fruit             |       |     1 ||     1

Action                   |  1- 3 |  4- 6 || total
-------------------------+-------+-------++-------
Melee: Dagger            |     3 |       ||     3
 Cast: Flame Tongue      |    71 |    22 ||    93
  Use: Scroll            |     5 |       ||     5
  Eat: Chunk             |     4 |     2 ||     6
       Fruit             |       |     1 ||     1
